 Dungeon Sprint DCSS version 0.13-a0-2640-geebf78d (webtiles) character file.

1694 Kae the Destroyer (level 8, -7/41 HPs)
             Began as a Tengu Fire Elementalist on Aug 6, 2013.
             Killed from afar by an electric eel (9 damage)
             ... with a bolt of electricity
             ... in the Dungeon (Sprint II: "The Violet Keep of Menkaure").
             The game lasted 00:05:47 (1814 turns).

Kae the Destroyer (Tengu Fire Elementalist)         Turns: 1814, Time: 00:05:47

HP  -7/41        AC  0     Str  8      XL: 8   Next: 44%
MP  24/24        EV 12     Int 11 (22) God:
Gold 498         SH  0     Dex 11      Spells:  5 memorised,  8 levels left

Res.Fire  : . . .   See Invis. : .   (no weapon)
Res.Cold  : + . .   Warding    : .   c - +2 robe "Blaubi" {Dex-3 Int+3 Curse}
Life Prot.: . . .   Conserve   : .   (no shield)
Res.Poison: .       Res.Corr.  : .   (helmet restricted)
Res.Elec. : .       Clarity    : .   (no cloak)
Sust.Abil.: . .     Spirit.Shd : .   d - -5 pair of gloves of the Iron City of Dis
Res.Mut.  : .       Prev.Telep.: +   (boots unavailable)
Res.Rott. : .       Flight     : .   (no amulet)
Saprovore : . . .                    (no ring)
                                     (no ring)

@: slightly resistant to hostile enchantments, unstealthy
A: able to fly, beak, talons 3
a: Fly


You were in the Dungeon.
You were very hungry.

You visited 1 branch You collected 972 gold pieces.
You spent 494 gold pieces at shops.

Inventory:

Armour
 a - a +0 robe
 c - the +2 robe "Blaubi" (worn) {Dex-3 Int+3 Curse}
   (You bought it in a shop in the Dungeon)

   It affects your intelligence (+3).
   It affects your dexterity (-3).
   It may recurse itself.
 d - the cursed -5 pair of gloves of the Iron City of Dis (worn) {rC+}
   (You bought it in a shop in the Dungeon)

   It protects you from cold.
   It has a curse placed upon it.
 j - the cursed +2 pair of gloves of Focus {Str-2 Int+4, unknown}
   (You bought it in a shop in the Dungeon)

   It affects your strength (-2).
   It affects your intelligence (+4).
   It has a curse placed upon it.
Scrolls
 i - a scroll of blinking
 k - a scroll of identify
 l - a scroll of curse jewellery {unknown}
 m - a scroll of fear {unknown}
Potions
 f - a potion of speed
 g - 2 potions of magic
 h - a potion of berserk rage
Books
 b - a book of Flames

   Spells                             Type                      Level
   *Flame Tongue                      Conjuration/Fire             1
   *Throw Flame                       Conjuration/Fire             2
   *Conjure Flame                     Conjuration/Fire             3
   Inner Flame                        Hexes/Fire                   3
   *Sticky Flame                      Conjuration/Fire             4
   *Fireball                          Conjuration/Fire             5


   Skills:
 - Level 2.1 Dodging
 - Level 2.0 Stealth
 + Level 8.4 Spellcasting
 * Level 15.7 Conjurations
 + Level 10.4 Fire Magic


You had 8 spell levels left.
You knew the following spells:

 Your Spells              Type           Power        Failure   Level  Hunger
a - Flame Tongue          Conj/Fire      ####.        1%          1    None
b - Throw Flame           Conj/Fire      ####..       1%          2    #......
c - Conjure Flame         Conj/Fire      ####....     1%          3    ###....
d - Sticky Flame          Conj/Fire      ####....     1%          4    ####...
e - Fireball              Conj/Fire      ####......   1%          5    #####..


Dungeon Overview and Level Annotations

Branches:
Dungeon (1/1)

Altars:

Shops:
D: =!++[%*/!/(*?([=

Annotations
D exclusion: oklob plant, Roxanne


Innate Abilities, Weirdness & Mutations

You can fly.
You have a beak for a mouth.
You have claws for feet.


Message History

There is an open door here.
There is an open door here.
There is a staircase leading out of the dungeon here.
There is an open door here.
You open the door.
There is an open door here.
You enter the shallow water.
Moving in this stuff is going to be slow.
You open the gate.
The electric eel shoots out a bolt of electricity!
The bolt of electricity hits the electric eel.
The bolt of electricity hits you!
The electric eel shoots out a bolt of electricity!
The bolt of electricity hits you!
* * * LOW HITPOINT WARNING * * *
The bolt of electricity hits the electric eel.
The electric eel shoots out a bolt of electricity!
The bolt of electricity hits the electric eel.
The bolt of electricity hits you!
You die...

.∩...∩.#≈##..##.##.#.#..#
∩.....∩'≈'.##%<<<'.##'..###
.......#≈##..##.##..##....###..
########≈##.###'###.##......≈≈≈
JJ######≈≈####.#.####≈§.....≈#+
.$#JJ ##≈≈≈#.##..#§§≈§≈≈≈..≈#.
PJ+J.#+ #'#≈###..##≈§≈§§§≈≈.§#
.%#[## #[#≈≈##'##≈≈≈§§§≈≈≈§≈#
$.### ####≈≈≈≈@≈≈≈≈≈≈§§≈≈≈≈#
+### #+++#'''#≈≈§≈≈≈§≈≈
;≈;;§§##≈≈≈###≈ §§;≈;;§§§##≈≈#
+≈§§;≈§§§§§§+§≈#
#§§§≈§§§≈;##§§≈ ##≈§§§§§;## #
####+####


You could see 9 electric eels.

Vanquished Creatures
  A blink frog (D)
  A baby alligator (D)
  2 hippogriffs (D)
  A crocodile (D)
  3 agate snails (D)
  4 brain worms (D)
  4 giant centipedes (D)
16 creatures vanquished.

Notes
Turn   | Place    | Note
--------------------------------------------------------------
     0 | D        | Kae, the Tengu Fire Elementalist, began the quest for the Orb.
     0 | D        | Reached XP level 1. HP: 10/10 MP: 3/3
     3 | D        | Reached XP level 2. HP: 15/15 MP: 5/5
    11 | D        | Reached skill level 4 in Conjurations
   168 | D        | Reached skill level 5 in Conjurations
   168 | D        | Reached XP level 3. HP: 19/19 MP: 7/7
   171 | D        | Reached skill level 6 in Conjurations
   525 | D        | Learned a level 2 spell: Throw Flame
   529 | D        | Learned a level 3 spell: Conjure Flame
   529 | D        | Noticed a brain worm
   529 | D        | Noticed a brain worm
   529 | D        | Noticed a brain worm
   529 | D        | Noticed a brain worm
   533 | D        | Noticed a hippogriff
   533 | D        | Noticed a hippogriff
   537 | D        | Noticed an agate snail
   537 | D        | Noticed an agate snail
   537 | D        | Noticed an agate snail
   544 | D        | Killed a brain worm
   544 | D        | Reached skill level 8 in Conjurations
   544 | D        | Reached skill level 5 in Fire Magic
   544 | D        | Reached XP level 4. HP: 24/24 MP: 3/10
   631 | D        | Killed a brain worm
   631 | D        | Reached skill level 9 in Conjurations
   631 | D        | Reached XP level 5. HP: 28/28 MP: 3/14
   739 | D        | Killed a brain worm
   739 | D        | Reached skill level 5 in Spellcasting
   739 | D        | Reached skill level 10 in Conjurations
   739 | D        | Reached XP level 6. HP: 32/32 MP: 12/18
   741 | D        | Killed a brain worm
   741 | D        | Reached skill level 11 in Conjurations
   818 | D        | Learned a level 4 spell: Sticky Flame
   824 | D        | Killed an agate snail
   824 | D        | Reached skill level 12 in Conjurations
   935 | D        | Killed an agate snail
   987 | D        | Killed an agate snail
   987 | D        | Reached skill level 13 in Conjurations
   987 | D        | Reached XP level 7. HP: 32/36 MP: 0/20
  1147 | D        | Killed a hippogriff
  1210 | D        | Killed a hippogriff
  1210 | D        | Reached skill level 14 in Conjurations
  1272 | D        | Noticed Roxanne
  1284 | D        | Found Smiweog's Antique Weapon Shoppe.
  1284 | D        | Found Eczuha Prao's Magical Wand Shoppe.
  1284 | D        | Found Roasyvyo's Magic Scroll Emporium.
  1284 | D        | Found Darohuz's Assorted Antiques.
  1284 | D        | Found Osiaf's Antique Armour Shoppe.
  1284 | D        | Found Bacafa Damau's Antique Weapon Shoppe.
  1285 | D        | Found Chuf's Magical Wand Emporium.
  1285 | D        | Found Juares' Distillery.
  1285 | D        | Found Skijiobu's General Store.
  1286 | D        | Found Obak's Food Emporium.
  1286 | D        | Noticed a giant amoeba
  1287 | D        | Found Erydak's Antique Armour Shoppe.
  1287 | D        | Found Siuwkup's Jewellery Emporium.
  1288 | D        | Found Struabb's Book Emporium.
  1288 | D        | Found Dafi Mai's Jewellery Emporium.
  1288 | D        | Found Poab's Distillery.
  1288 | D        | Noticed a crocodile
  1288 | D        | Noticed a giant amoeba
  1288 | D        | Noticed a giant amoeba
  1293 | D        | Noticed an oklob plant
  1296 | D        | Bought a dull robe for 131 gold pieces
  1296 | D        | Bought a pair of bloodstained gloves for 142 gold pieces
  1299 | D        | Identified the cursed -5 pair of gloves of the Iron City of Dis {rC+} (You bought it in a shop in the Dungeon)
  1304 | D        | Identified the +2 robe "Blaubi" {Dex-3 Int+3 Curse} (You bought it in a shop in the Dungeon)
  1309 | D        | Found Thoets' Book Shoppe.
  1309 | D        | Noticed a pulsating lump
  1309 | D        | Noticed a pulsating lump
  1311 | D        | Noticed a pulsating lump
  1314 | D        | Bought a pair of warped gloves for 161 gold pieces
  1316 | D        | Bought a scroll of identify for 20 gold pieces
  1320 | D        | Bought a scroll labeled ODASSY RESABU for 20 gold pieces
  1320 | D        | Bought a scroll labeled KAMATH UFUZO for 20 gold pieces
  1330 | D        | Killed a crocodile
  1402 | D        | Learned a level 5 spell: Fireball
  1406 | D        | Noticed a blink frog
  1413 | D        | Killed a blink frog
  1413 | D        | Reached skill level 15 in Conjurations
  1413 | D        | Reached skill level 10 in Fire Magic
  1413 | D        | Reached XP level 8. HP: 28/41 MP: 13/24
  1511 | D        | Noticed an electric eel
  1512 | D        | Noticed an electric eel
  1513 | D        | Noticed an electric eel
  1513 | D        | Noticed an electric eel
  1513 | D        | Noticed an electric eel
  1513 | D        | Noticed an electric eel
  1516 | D        | Noticed an electric eel
  1516 | D        | Noticed an electric eel
  1517 | D        | Noticed an electric eel
  1522 | D        | Noticed a baby alligator
  1536 | D        | Killed a baby alligator
  1814 | D        | HP: 2/41 [electric eel/bolt of electricity (13)]
  1814 | D        | Killed from afar by an electric eel

Action                   |  1- 3 |  4- 6 |  7- 9 || total
-------------------------+-------+-------+-------++-------
Melee: Unarmed           |     3 |     6 |       ||     9
 Cast: Flame Tongue      |    11 |    35 |    13 ||    59
       Conjure Flame     |     1 |     4 |     6 ||    11
       Sticky Flame      |       |     3 |     4 ||     7
  Use: Potion            |     1 |       |     1 ||     2
